 Dungeon Sprint DCSS version 0.32-a0-616-g9348d4545b (webtiles) character file.

Game seed: 6652616325350081354

9489 Prakerore the Marksgoblin (level 11, -8/104 HPs)
             Began as a Coglin Hunter on Mar 5, 2024.
             Was an Initiate of Gozag.
             Killed from afar by a steam dragon (shapeshifter) (23 damage)
             ... with a ball of steam
             ... in the Dungeon (Sprint V: "Ziggurat Sprint").
             The game lasted 00:24:34 (1216 turns).

Prakerore the Marksgoblin (Coglin Hunter)           Turns: 1216, Time: 00:24:34

Health: -8/104     AC: 17    Str: 11    XL:     11   Next: 47%
Magic:  7/11       EV: 14    Int: 11    God:    Gozag
Gold:   603        SH:  0    Dex: 17    Spells: 10/10 levels left

rFire   . . .        L - +5 hand cannon {Yejun}
rCold   . . .        M - +5 sling {Cynebald}
rNeg    + . .        X - +8 ring mail of Devotion {Fly rElec rN+ Str-5}
rPois   .            Z - +3 crown of Dyrovepreva {rElec Int+2 SInv}
rElec   +            (no cloak)
rCorr   .            (no gloves)
SInv    +            (no boots)
Will    .....        (amulet unavailable)
Stlth   +            (ring unavailable)
HPRegen 0.37/turn    (ring unavailable)
MPRegen 0.12/turn    (no gizmo)

%: no teleportation
@: gold aura, flying, revved
A: off-hand wielding, slow wielding, warmup strikes, no jewellery
a: Invent Gizmo, Renounce Religion, Potion Petition, Call Merchant, Bribe Branch


You were in the Dungeon.
You worshipped Gozag.
Gozag was pleased with you.
You visited 1 branch You collected 2439 gold pieces.
You paid 1836 gold pieces to Gozag.

Inventory:

Hand Weapons
 a - a +2 sling {Ingwe}
 d - the +9 staff of Olgreb {rPois∞}
   (You found it in the Dungeon)

   Radiate:   It can be activated via the 'a'bility menu to radiate toxic
   energy, with effectiveness depending on Evocations skill.
   Alch:      It enhances your alchemy magic.
   rPois∞: It grants immunity to poison.
 n - the +11 Singing Sword {sonic wave}
   (You found it in the Dungeon)
 s - the +1 sling of Irrepressible Laughter {elec, Str+4}
   (You found it in the Dungeon)

   Str+4:     It affects your strength (+4).
 L - a +5 hand cannon (weapon) {Yejun}
 M - a +5 sling (offhand) {Cynebald}
 N - the +7 great mace "Firestarter" {flame, immolate, rFlCloud rF++}
   (You found it in the Dungeon)

   rFlCloud:  It grants immunity to clouds of flame.
   rF++:      It greatly protects you from fire.
 O - the +8 lance "Wyrmbane" {slay drac, rPois rF+ rC+ AC+3}
   (You found it in the Dungeon)

   AC+3:      It affects your AC (+3).
   rF+:       It protects you from fire.
   rC+:       It protects you from cold.
   rPois:     It protects you from poison.
 P - the +7 mace of Variability {chaos, chaos arc}
   (You found it in the Dungeon)
 Q - the +11 plutonium sword {^Contam Stlth-}
   (You found it in the Dungeon)

   ^Contam:   It causes magical contamination when unequipped.
   Stlth-:    It makes you less stealthy.
 R - the +13 scythe of Curses {drain, curses, ^Drain}
   (You found it in the Dungeon)

   ^Drain:    It drains your maximum health when unequipped.
 S - the +6 shillelagh "Devastator" {shatter}
   (You found it in the Dungeon)
 T - the +8 storm bow {elec, penet}
   (You found it in the Dungeon)
 U - the +9 sword of Power {lifebolt}
   (You found it in the Dungeon)
 V - the +9 sword of Zonguldrok {reap}
   (You found it in the Dungeon)
Armour
 c - the +2 robe of Foqat {Will+ Regen+}
   (You found it in the Dungeon)

   Will+:     It increases your willpower.
   Regen+:    It increases your rate of health regeneration.
 z - the +15 Maxwell's patent armour {-Cast -Tele rElec Will+ rCorr}
   (You found it in the Dungeon)

   rElec:     It insulates you from electricity.
   Will+:     It increases your willpower.
   -Cast:     It prevents spellcasting.
   -Tele:     It prevents most forms of teleportation.
   rCorr:     It protects you from acid and corrosion.
 A - the +18 shield of the Gong {Loud rN+ Will+ rCorr EV-5}
   (You found it in the Dungeon)

   Loud:      It is deafeningly noisy when blocking attacks.
   EV-5:      It affects your evasion (-5).
   rN+:       It protects you from negative energy.
   Will+:     It increases your willpower.
   rCorr:     It protects you from acid and corrosion.
 C - the +9 scales of the Dragon King {rPois rF+ rC+ Will+}
   (You found it in the Dungeon)

   rF+:       It protects you from fire.
   rC+:       It protects you from cold.
   rPois:     It protects you from poison.
   Will+:     It increases your willpower.
 D - a +3 tower shield
 F - a +3 buckler
 G - +5 gold dragon scales
 H - +5 shadow dragon scales
 I - +5 storm dragon scales
 J - +5 ice dragon scales
 K - +5 fire dragon scales
 X - the +8 ring mail of Devotion (worn) {Fly rElec rN+ Str-5}
   (You found it in the Dungeon)

   Str-5:     It affects your strength (-5).
   rElec:     It insulates you from electricity.
   rN+:       It protects you from negative energy.
   Fly:       It grants you flight.
 Z - the +3 crown of Dyrovepreva (worn) {rElec Int+2 SInv}
   (You found it in the Dungeon)

   Int+2:     It affects your intelligence (+2).
   rElec:     It insulates you from electricity.
   SInv:      It lets you see invisible.
Magical Staves
 l - a staff of air
 W - a staff of air
Talismans
 v - a serpent talisman
 w - a blade talisman
 x - a maw talisman
 y - a beast talisman
Wands
 f - a wand of polymorph (6)
 t - a wand of mindburst (8)
 u - a wand of acid (1)
 B - a wand of flame (9)
 E - a wand of roots (4)
 Y - a wand of paralysis (6)
Scrolls
 b - a scroll of butterflies
 j - 2 scrolls of blinking
 p - 4 scrolls of amnesia
 q - 6 scrolls of fog
 r - 5 scrolls of identify
Potions
 e - 6 potions of curing
 g - 2 potions of haste
 h - 7 potions of magic
 i - 3 potions of berserk rage
 k - 2 potions of brilliance
 m - 3 potions of resistance
 o - 5 potions of might


   Skills:
 - Level 16.0 Fighting
 - Level 18.0 Ranged Weapons
 - Level 8.3 Armour
 - Level 7.5 Dodging
 - Level 0.7 Stealth
 + Level 13.8 Evocations


You had 10 spell levels left.
You didn't know any spells.
Your spell library contained the following spells:

 Spells                   Type           Power      Damage    Failure   Level
 Sting                    Conj/Alch      0%         1d3       58%         1
 Mercury Vapours          Alch/Air       0%         N/A       73%         2
 Stone Arrow              Conj/Erth      0%         3d7       91%         3
 Animate Armour           Summ/Erth      0%         N/A       100%        4
 Brom's Barrelling Bould  Conj/Erth      0%         2d3       100%        4
 Olgreb's Toxic Radiance  Alch           0%         N/A       100%        4
 Bombard                  Conj/Erth      0%         9d1       100%        6


Dungeon Overview and Level Annotations

Branches:
Dungeon (1/1)

Altars:
Ashenzari
Cheibriados
Dithmenos
Elyvilon
Fedhas
Gozag
Hepliaklqana
Kikubaaqudgha
Makhleb
Nemelex Xobeh
Okawaru
Qazlal
Ru
Sif Muna
Trog
Uskayaw
Vehumet
Wu Jian
Xom
Yredelemnul
Zin
The Shining One
Beogh
Jiyva
Lugonu

Annotations:
D 1 transporter


Innate Abilities, Weirdness & Mutations

You can wield a second weapon in your off-hand.
It takes a long time for you to wield or remove held weapons.
Your first few attacks do less damage.
You cannot equip rings or amulets.


Message History

You shoot a bolt. The bolt misses the neqoxec.
You shoot a sling bullet.
The sling bullet closely misses the neqoxec.
You are engulfed in a cloud of scalding steam.
* * * LOW HITPOINT WARNING * * *
The neqoxec is no longer distracted by gold.
The human is no longer distracted by gold.
The queen bee changes into an ice beast!
The unseen horror is engulfed in a cloud of scalding steam.
The unseen horror hits you but does no damage.
The unseen horror is engulfed in a cloud of scalding steam.
The unseen horror misses you.
The neqoxec is distracted by your dazzling golden aura.
The neqoxec is engulfed in a cloud of scalding steam.
The steam dragon barely misses you.
The steam dragon claws you but does no damage.
The human hits you but does no damage.
The unseen horror is engulfed in a cloud of scalding steam.
The neqoxec shouts!
Unknown command.
Unknown command.
Unknown command.
Okay, then.
You shoot a bolt. The bolt hits the neqoxec.
The neqoxec is no longer distracted by gold.
The neqoxec is almost dead.
You shoot a sling bullet. The sling bullet hits the neqoxec!
You kill the neqoxec!
You are engulfed in a cloud of scalding steam.
* * * LOW HITPOINT WARNING * * *
The unseen horror is engulfed in a cloud of scalding steam.
The unseen horror is distracted by your dazzling golden aura.
The neqoxec hits you but does no damage.
The steam dragon breathes steam at you. The ball of steam hits you!!
You die...
Your body crumbles into a pile of gold.

▓▓▓▓▓▓▓▓▓▓▓▓▓▓▓▓▓▓▓
▓...ß©ß...▓
▓../:/))..▓
▓.../)/)..▓
▓.........▓
▓.........▓
▓.........▓
▓...pYD...▓
▓.▓.3@°.▓.▓
▓...x§§...▓
▓▓▓▓▓▓▓▓▓▓▓


You could see an unseen horror (invisible, unaware), a human shaped shifter, a
neqoxec, a steam dragon (catching breath) and an ice beast shaped shifter.

Vanquished Creatures
  A black draconian (D)
  2 dancing weapons (D)
  3 deep elf knights (D)
  4 deep elf archers (D)
  A thermic dynamo (D)
  A deep elf pyromancer (D)
  A deep elf zephyrmancer (D)
  6 draconians (D)
  A wyvern (shapeshifter) (D)
  3 neqoxecs (D)
  2 orc warriors (D)
  A phantom (D)
  A weeping skull (D)
  2 quasits (D)
  7 orc priests (D)
  An iron imp (D)
  3 orc wizards (D)
  A white imp (D)
  4 orcs (D)
  2 bat skeletons (D)
  A quokka skeleton (D)
48 creatures vanquished.

Vanquished Creatures (others)
  A deep elf pyromancer (D)
1 creature vanquished.

Grand Total: 49 creatures vanquished

Notes
Turn   | Place    | Note
-------+----------+-------------------------------------------
     0 | D        | Prakerore the Coglin Hunter began the quest for the Orb.
     0 | D        | Reached XP level 1. HP: 16/16 MP: 1/1
     0 | D        | Found a shimmering blue altar of Sif Muna.
     0 | D        | Found a sacrificial altar of Ru.
     0 | D        | Found a bloodstained altar of Trog.
     0 | D        | Found a stormy altar of Qazlal.
     0 | D        | Found an iron altar of Okawaru.
     0 | D        | Found a sparkling altar of Nemelex Xobeh.
     0 | D        | Found a blossoming altar of Fedhas.
     0 | D        | Found the +6 Majin-Bo {spellvamp, MP+6 Int+6}
     0 | D        | Found the +27 heavy crossbow "Sniper" {heavy, Acc+∞ SInv}
     0 | D        | Found the +10 dark maul {heavy}
     0 | D        | Found the +15 Maxwell's patent armour {-Cast -Tele rElec
                  | Will+ rCorr}
     0 | D        | Found the +18 shield of the Gong {Loud rN+ Will+ rCorr
                  | EV-5}
     0 | D        | Found the +16 obsidian axe {drain, demonic, Mesm ^Drain Fly
                  | SInv}
     0 | D        | Found the +7 great mace "Firestarter" {flame, immolate,
                  | rFlCloud rF++}
     0 | D        | Found the +6 shillelagh "Devastator" {shatter}
     0 | D        | Found the +11 plutonium sword {^Contam Stlth-}
     0 | D        | Found the +8 lance "Wyrmbane" {slay drac, rPois rF+ rC+
                  | AC+3}
     0 | D        | Found the +9 sword of Zonguldrok {reap}
     0 | D        | Found the +13 scythe of Curses {drain, curses, ^Drain}
     0 | D        | Found the +9 sword of Power {lifebolt}
     0 | D        | Found the +7 mace of Variability {chaos, chaos arc}
     0 | D        | Found the +11 Singing Sword {sonic wave}
     0 | D        | Found the +8 storm bow {elec, penet}
     2 | D        | Found a transporter.
     2 | D        | Found an ancient bone altar of Kikubaaqudgha.
     2 | D        | Found a viscous altar of Jiyva.
     2 | D        | Found a corrupted altar of Lugonu.
     2 | D        | Found a hazy altar of Hepliaklqana.
     2 | D        | Found a burning altar of Makhleb.
     2 | D        | Found an opulent altar of Gozag.
    28 | D        | Became a worshipper of Gozag Ym Sagoz the Greedy
   121 | D        | Reached skill level 7 in Ranged Weapons
   121 | D        | Reached XP level 2. HP: 22/22 MP: 2/2
   136 | D        | Entered arena 2.
   136 | D        | Noticed a deep elf knight
   136 | D        | Noticed a thermic dynamo
   136 | D        | Found a transporter.
   148 | D        | Killed a thermic dynamo
   149 | D        | Reached skill level 13 in Ranged Weapons
   149 | D        | Reached XP level 3. HP: 27/27 MP: 3/3
   149 | D        | Reached XP level 4. HP: 33/33 MP: 4/4
   149 | D        | Reached XP level 5. HP: 38/38 MP: 5/5
   149 | D        | Reached XP level 6. HP: 44/44 MP: 6/6
   151 | D        | Killed a deep elf knight
   152 | D        | Reached XP level 7. HP: 33/50 MP: 7/7
   152 | D        | Reached XP level 8. HP: 37/56 MP: 8/8
   271 | D        | Entered arena 3.
   271 | D        | Noticed a deep elf pyromancer
   271 | D        | Noticed a deep elf knight
   271 | D        | Noticed a deep elf archer
   271 | D        | Found a transporter.
   272 | D        | Killed a deep elf pyromancer
   288 | D        | Killed a deep elf knight
   291 | D        | Killed a deep elf archer
   292 | D        | Reached skill level 5 in Fighting
   292 | D        | Reached XP level 9. HP: 47/72 MP: 9/9
   358 | D        | Entered arena 4.
   358 | D        | Found a transporter.
   373 | D        | Entered arena 5.
   373 | D        | Found a transporter.
   498 | D        | Entered arena 6.
   498 | D        | Found a transporter.
   502 | D        | Reached skill level 10 in Fighting
   543 | D        | Got the +2 robe of Foqat {Will+ Regen+}
   556 | D        | Entered arena 7.
   556 | D        | Found the +9 scales of the Dragon King {rPois rF+ rC+
                  | Will+}
   566 | D        | Found a transporter.
   568 | D        | Reached skill level 5 in Armour
   587 | D        | Got the +8 ring mail of Devotion {Fly rElec rN+ Str-5}
   602 | D        | Entered arena 8.
   602 | D        | Found the +9 staff of Olgreb {rPois∞}
   619 | D        | Found a transporter.
   636 | D        | Got the Compendium of the Caves and Beckoning
   644 | D        | Entered arena 9.
   644 | D        | Found the +3 crown of Dyrovepreva {rElec Int+2 SInv}
   644 | D        | Noticed a draconian
   644 | D        | Noticed a draconian
   644 | D        | Noticed a draconian
   644 | D        | Noticed a draconian
   644 | D        | Noticed a black draconian
   644 | D        | Noticed a draconian
   644 | D        | Noticed a draconian
   660 | D        | Killed a draconian
   668 | D        | Killed a draconian
   669 | D        | Reached XP level 10. HP: 77/95 MP: 10/10
   683 | D        | Killed a draconian
   691 | D        | Killed a draconian
   692 | D        | Reached skill level 14 in Ranged Weapons
   702 | D        | Killed a black draconian
   703 | D        | Reached skill level 15 in Ranged Weapons
   705 | D        | Killed a draconian
   709 | D        | Killed a draconian
   842 | D        | Found a transporter.
   865 | D        | Got the +1 sling of Irrepressible Laughter {elec, Str+4}
   923 | D        | Entered arena 10.
   923 | D        | Noticed a deep elf pyromancer
   923 | D        | Noticed a +0 vampiric war axe
   923 | D        | Noticed a deep elf archer
   923 | D        | Noticed a +1 heavy long sword
   923 | D        | Noticed a deep elf archer
   923 | D        | Noticed a deep elf zephyrmancer
   923 | D        | Noticed a deep elf archer
   923 | D        | Noticed a deep elf knight
   927 | D        | Killed a +0 vampiric war axe
   928 | D        | Reached skill level 16 in Ranged Weapons
   932 | D        | Killed a deep elf zephyrmancer
   933 | D        | Reached XP level 11. HP: 55/104 MP: 11/11
   933 | D        | Found a transporter.
   937 | D        | HP: 5/104 [deep elf archer/+0 short sword (14)]
   947 | D        | Killed a deep elf knight
   948 | D        | Reached skill level 17 in Ranged Weapons
   949 | D        | Killed a deep elf archer
   955 | D        | Killed a +1 heavy long sword
   969 | D        | Killed a deep elf archer
   970 | D        | Reached skill level 18 in Ranged Weapons
   973 | D        | Killed a deep elf archer
   974 | D        | Killed a deep elf pyromancer
  1204 | D        | Entered arena 11.
  1211 | D        | Found a transporter.
  1216 | D        | Killed from afar by a steam dragon (shapeshifter)

Illustrated notes

Levels and vault maps discovered:
D:        sprint_v [room_start, room_1, room_2, room_3, room_4, room_5, room_6,
          room_7, room_8, room_9, room_10, room_11, room_12, room_13, room_14,
          room_15, room_16, room_17, room_18, room_19, room_20, room_21,
          room_22, room_23, room_24, room_25, room_26, room_27]

Skill      XL: |  1  2  3  4  5  6  7  8  9 10 11 |
---------------+----------------------------------+-----
Ranged Weapons | 7 13 16 18 | 18.0
Evocations     | 12 13 | 13.8
Dodging        | 7 |  7.5
Fighting       | 7 14 16 | 16.0
Armour         | 5 8 |  8.3
Stealth        | |  0.7

Action                     |  1- 3 |  4- 6 |  7- 9 | 10-12 || total
---------------------------+-------+-------+-------+-------++-------
  Melee: Sling             |       |       |       |     1 ||     1
         Hand cannon       |       |       |       |     1 ||     1
   Fire: Sling             |     1 |     3 |    58 |    59 ||   121
         Hand cannon       |     1 |     3 |    58 |    59 ||   121
 Invoke: Potion Petition   |       |       |       |     6 ||     6
  Evoke: Wand              |     2 |       |     3 |    15 ||    20
    Use: Potion            |     5 |       |     9 |     8 ||    22
         Scroll            |       |       |     1 |     4 ||     5
 Armour: Leather armour    |     1 |     1 |       |       ||     2
         Ring mail         |       |       |    32 |    75 ||   107
         Robe              |       |       |     3 |       ||     3
  Dodge: Dodged            |     5 |       |    28 |    53 ||    86

Table legend: (Time is in decaauts)
 A = Elapsed time spent in this place.
 B = Non-inter-level travel time spent in this place.
 C = Inter-level travel time spent in this place.
 D = Time resting spent in this place.
 E = Time spent auto-exploring this place.
 F = Levels seen in this place.
 G = Mean time per level.
                   A        B        C        D        E       F      G
               +--------+--------+--------+--------+--------+-----+--------+
         Total |   1212 |   1212 |      0 |    128 |    457 |   1 | 1212.0 |
       Dungeon |   1212 |   1212 |      0 |    128 |    457 |   1 | 1212.0 |
               +--------+--------+--------+--------+--------+-----+--------+

Top non-repeatable levels by time:
       D: 1212 daAuts
